 Dungeon Crawl Stone Soup version 0.32-a0-560-g4c7f4391e0 (webtiles) character file.

Game seed: 3339274211816062193

1435 BeKind the Trooper (level 8, -1/73 HPs)
             Began as a Minotaur Berserker on Feb 29, 2024.
             Was an Initiate of Gozag.
             Slain by a polar bear (7 damage)
             ... created by the rage of Trog
             ... on level 5 of the Dungeon.
             The game lasted 00:05:53 (5368 turns).

BeKind the Trooper (Minotaur Berserker)             Turns: 5368, Time: 00:05:54

Health: -1/73      AC: 11    Str: 24 (25) XL:     8   Next: 45%
Magic:  7/7        EV: 10    Int:  4      God:    Gozag
Gold:   202        SH:  0    Dex:  9      Spells: 7/7 levels left

rFire   . . .        a - +0 spear (freeze)
rCold   . . .        (no shield)
rNeg    . . .        w - +0 chain mail
rPois   .            (helmet restricted)
rElec   .            (no cloak)
rCorr   +            (no gloves)
SInv    .            i - +0 pair of boots
Will    .....        f - amulet of the acrobat Stlth
                     v - ring of resist corrosion
HPRegen 0.32/turn    (no ring)
MPRegen 0.10/turn

%: acrobat
@: no status effects
A: horns 2, retaliatory headbutt
a: Renounce Religion, Potion Petition, Call Merchant, Bribe Branch


You were on level 5 of the Dungeon.
You worshipped Gozag.
Gozag was aware of your devotion.
You visited 2 branches of the dungeon, and saw 6 of its levels.

You collected 250 gold pieces.
You paid 48 gold pieces to Gozag.

Inventory:

Hand Weapons
 a - a +0 spear of freezing (weapon)
Missiles
 e - a throwing net (quivered)
Armour
 i - a +0 pair of boots (worn)
 w - a +0 chain mail (worn)
Jewellery
 f - an amulet of the acrobat (around neck)
 p - a ring of positive energy
 v - a ring of resist corrosion (left hand)
Wands
 t - a wand of iceblast (9)
Scrolls
 g - a scroll of vulnerability {unknown}
 h - a scroll of teleportation
 j - a scroll of identify
 k - a scroll of torment {unknown}
 l - 2 scrolls of enchant armour {unknown}
 o - a scroll of blinking {unknown}
 u - a scroll of butterflies {unknown}
Potions
 b - a potion of ambrosia {unknown}
 c - 2 potions of curing
 n - a potion of attraction {unknown}
 r - 2 potions of lignification {unknown}
 s - 3 potions of mutation {unknown}


   Skills:
 + Level 7.2 Fighting
 + Level 7.2 Polearms
 + Level 6.7 Armour
 + Level 6.1 Dodging


You had 7 spell levels left.
You didn't know any spells.
Your spell library was empty.

Dungeon Overview and Level Annotations

Branches:
Dungeon (5/15)             Temple (1/1) D:5

Altars:
Ashenzari
Cheibriados
Dithmenos
Elyvilon
Fedhas
Gozag
Hepliaklqana
Kikubaaqudgha
Nemelex Xobeh
Qazlal
Ru
Sif Muna
Trog
Uskayaw
Vehumet
Wu Jian
Xom
Yredelemnul
Zin
The Shining One

Shops:
D:3 (


Innate Abilities, Weirdness & Mutations

You have a pair of horns on your head.
You reflexively headbutt those who attack you in melee.


Message History

You headbutt the polar bear, but do no damage.
The polar bear closely misses you.
The polar bear claws you but does no damage.
You barely miss the polar bear.
You headbutt the polar bear, but do no damage.
The polar bear is heavily wounded.
You hit the polar bear but do no damage.
The polar bear is heavily wounded.
The polar bear bites you.
The polar bear claws you but does no damage. x2
You hit the polar bear but do no damage.
The polar bear is heavily wounded.
The polar bear bites you! The polar bear barely misses you.
The polar bear claws you but does no damage.
You hit the polar bear but do no damage.
You headbutt the polar bear!
The polar bear is severely wounded.
The polar bear bites you.
* * * LOW HITPOINT WARNING * * *
The polar bear claws you but does no damage. x2
You barely miss the polar bear. You headbutt the polar bear.
The polar bear is severely wounded.
You hit the polar bear. Your headbutt misses the polar bear.
The polar bear is severely wounded.
The polar bear goes berserk!
You closely miss the polar bear. You headbutt the polar bear!
The polar bear is almost dead.
The polar bear bites you!
* * * LOW HITPOINT WARNING * * *
The polar bear claws you but does no damage. x2
You hit the polar bear.
You headbutt the polar bear, but do no damage.
The polar bear is almost dead.
The polar bear bites you!
* * * LOW HITPOINT WARNING * * *
The polar bear claws you but does no damage.
The polar bear misses you.
You feel better. The polar bear bites you!
You die...
Your body crumbles into a pile of gold.

##
##............#####....
#.ß #
##.#.................#
#..
####.#...####.......#
#.ß ###..####..#.....
##. .#...##.......#.#
..## # .... #.#.......#
.... ##
...#..##.#..##.... ..##
.# ..##.............#.#
##. ##
....###@#########.# #.ß
.## . #h#
#######.####.. ..# #..
..........#.ß .## #
...# #........##. ..#
#.....###........###
###
#.......#........#.#
#.....#.#........##.
##...##.#........###
#.............###


You could see a polar bear (berserk).

Vanquished Creatures
  Pikel (D:5)
  2 ogres
  2 black bears
  A lemure (D:5)
  A gnoll sergeant (D:5)
  2 scorpions (D:5)
  A bombardier beetle (D:4)
  3 hounds
  2 gnoll boudas (D:4)
  An orc priest (Temple)
  A sleepcap (D:4)
  An iguana (D:5)
  3 orc wizards
  11 gnolls
  5 adders
  A ribbon worm (D:3)
  2 dart slugs
  9 orcs
  7 ball pythons
  4 endoplasms
  3 giant cockroaches
  8 goblins
  8 hobgoblins
  3 jackals (D:2)
  5 kobolds
  4 quokkas
  A bat (D:1)
  2 frilled lizards
  5 rats
99 creatures vanquished.

Notes
Turn   | Place    | Note
-------+----------+-------------------------------------------
     0 | D:1      | BeKind the Minotaur Berserker began the quest for the Orb.
     0 | D:1      | Reached XP level 1. HP: 19/19 MP: 0/0
   205 | D:1      | Reached XP level 2. HP: 27/27 MP: 1/1
   907 | D:2      | Found Ydurucoo's General Store.
   912 | D:2      | Reached XP level 3. HP: 33/33 MP: 2/2
  1635 | D:3      | Reached ** piety under Trog
  1736 | D:3      | Reached XP level 4. HP: 41/41 MP: 3/3
  2072 | D:3      | Found Jozxuzxiupa's Antique Weapon Emporium.
  2140 | D:3      | Found a faded altar of an unknown god.
  2414 | D:3      | Found a hide-covered altar of Uskayaw.
  2424 | D:3      | Reached XP level 5. HP: 47/47 MP: 4/4
  2818 | D:3      | Reached skill level 5 in Fighting
  2818 | D:3      | Reached skill level 5 in Polearms
  3101 | D:4      | Reached XP level 6. HP: 56/56 MP: 0/5
  3802 | D:4      | Reached skill level 5 in Armour
  3802 | D:4      | Reached XP level 7. HP: 62/62 MP: 6/6
  4016 | D:5      | Entered Level 5 of the Dungeon
  4052 | D:5      | Reached skill level 5 in Dodging
  4055 | D:5      | Found a staircase to the Ecumenical Temple.
  4067 | Temple   | Entered the Ecumenical Temple
  4389 | Temple   | Fell from the grace of Trog
  4389 | Temple   | Became a worshipper of Gozag Ym Sagoz the Greedy
  4568 | D:5      | Found a snail-covered altar of Cheibriados.
  4706 | D:5      | Found a sparkling altar of Nemelex Xobeh.
  4709 | D:5      | Found a shimmering blue altar of Sif Muna.
  4739 | D:5      | Found a basalt altar of Yredelemnul.
  4768 | D:5      | Noticed Pikel
  4796 | D:5      | HP: 3/64 [Pikel/+1 whip of electrocution (18)]
  4802 | D:5      | Killed Pikel
  4803 | D:5      | Reached XP level 8. HP: 9/73 MP: 7/7
  5026 | D:5      | Noticed a polar bear
  5092 | D:5      | Paralysed by Trog for 3 turns
  5367 | D:5      | HP: 1/73 [polar bear[the rage of Trog] (13)]
  5368 | D:5      | Slain by a polar bear

Illustrated notes

Levels and vault maps discovered:
D:1:      shiori_arrival_elements, layout_loops_ring
D:2:      layout_loops_corners, serial_shops, shop, minmay_pentomino_s2
D:3:      layout_basic, nicolae_uskayaw_murder_on_the_dancefloor,
          dreamdust_ecumenical_altar_angels_and_demons, serial_shops, shop
D:4:      layout_basic, serial_library_regret_index_split_case
D:5:      layout_loops_cross, grunt_temple_overflow_cloverleaf,
          minmay_temple_entry_stoned_glass, nicolae_figureground_sparkle,
          uniq_pikel
Temple:   minmay_freezing_vapour_temple

Skill      XL: |  1  2  3  4  5  6  7 |
---------------+----------------------+-----
Fighting       | 4 5 7 |  7.2
Polearms       | 4 5 7 |  7.2
Armour         | 3 4 5 6 |  6.7
Dodging        | 3 4 6 |  6.1

Action                     |  1- 3 |  4- 6 |  7- 9 || total
---------------------------+-------+-------+-------++-------
  Melee: Spear             |   102 |   110 |   118 ||   330
         Headbutt          |    12 |    17 |    19 ||    48
 Invoke: Berserk           |     1 |     6 |     1 ||     8
    Use: Potion            |       |       |     4 ||     4
         Scroll            |       |       |     4 ||     4
   Stab: Sleeping          |     1 |     1 |       ||     2
 Armour: Animal skin       |    22 |    53 |    17 ||    92
         Chain mail        |       |       |    64 ||    64
  Dodge: Dodged            |    35 |    51 |    67 ||   153

Table legend: (Time is in decaauts)
 A = Elapsed time spent in this place.
 B = Non-inter-level travel time spent in this place.
 C = Inter-level travel time spent in this place.
 D = Time resting spent in this place.
 E = Time spent auto-exploring this place.
 F = Levels seen in this place.
 G = Mean time per level.
                   A        B        C        D        E       F      G
               +--------+--------+--------+--------+--------+-----+--------+
         Total |   5379 |   5162 |    217 |   1073 |   3471 |   6 |  896.5 |
       Dungeon |   5037 |   4829 |    208 |    760 |   3471 |   5 | 1007.4 |
        Temple |    342 |    333 |      9 |    313 |      0 |   1 |  342.0 |
               +--------+--------+--------+--------+--------+-----+--------+

Top non-repeatable levels by time:
     D:3: 1470 daAuts
     D:5: 989 daAuts
     D:4: 988 daAuts
     D:2: 812 daAuts
     D:1: 775 daAuts
  Temple: 342 daAuts
